 Dungeon Crawl Stone Soup version 0.16.1-30-g34a7ffa (webtiles) character file.

903 Jb9000 the Sneak (level 8, -5/48 HPs)
             Began as a Gargoyle Fighter on June 25, 2015.
             Was a Follower of Dithmenos.
             Slain by a goliath beetle (10 damage)
             ... on level 6 of the Dungeon.
             The game lasted 00:23:33 (4614 turns).

Jb9000 the Sneak (Gargoyle Fighter)                 Turns: 4614, Time: 00:23:33

Health: -5/48      AC:  0    Str: 19    XL:     8   Next: 7%
Magic:  8/8        EV:  8    Int: 11    God:    Dithmenos [*.....]
Gold:   208        SH:  9    Dex:  8    Spells: 1 memorised, 6 levels left

rFire  + + .     SeeInvis .     p - +0 short sword (venom)
rCold  x . .     Clarity  +     b - +0 scale mail
rNeg   + . .     SustAb   .     c - +0 shield
rPois  ∞         Gourm    .     q - +1 helmet
rElec  +         Spirit   .     f - +0 cloak
rCorr  .         Warding  .     (no gloves)
rMut   .         Stasis   .     (no boots)
MR     .....                    n - amulet of rage
Stlth  +.........               t - ring of protection from fire
                                j - ring of fire

@: corroded equipment, wreathed by umbra, not resistant to hostile enchantments,
very unstealthy
A: blurry vision 1, clarity, clumsy 1, negative energy resistance 1, electricity
resistance, unbreathing, petrification resistance, no device heal 1, rot
immunity, MP-powered wands 1, AC +5
a: Renounce Religion, Evoke Berserk Rage


You were on level 6 of the Dungeon.
You worshipped Dithmenos.
Dithmenos was aware of your devotion.
You were not hungry.

You visited 1 branch of the dungeon, and saw 6 of its levels.

You collected 208 gold pieces.

Inventory:

Hand weapons
 a - a +0 long sword
 k - a +4 dagger of venom
 o - a +1 vampiric dagger
 p - a +0 short sword of venom (weapon)
 y - a +4 rapier of protection
Missiles
 r - a tomahawk (quivered)
Armour
 b - a +0 scale mail (worn)
 c - a +0 shield (worn)
 f - a +0 cloak (worn)
 q - a +1 helmet (worn)
Jewellery
 j - a ring of fire (left hand)
 n - an amulet of rage (around neck)
 t - a ring of protection from fire (right hand)
 x - an uncursed amulet of clarity
Magical devices
 e - a wand of digging (14)
Scrolls
 g - 7 scrolls of remove curse
 m - 8 scrolls of identify
Potions
 h - a potion of magic
 z - a potion of ambrosia
Books
 v - a book of Battle

   Spells                             Type                      Level
   a - Infusion                       Charms                       1
   b - Shroud of Golubria             Charms/Translocation         2
   c - Song of Slaying                Charms                       2
   d - Spectral Weapon                Hexes/Charms                 3
   e - Regeneration                   Charms/Necromancy            3
 w - a Grand Grimoire {highlevel, unknown}

   This book is beyond your current level of understanding.

   Spells                             Type                      Level
   a - Aura of Abjuration             Summoning                    6
   b - Summon Greater Demon           Summoning                    7
   c - Malign Gateway                 Summoning/Translocation      7
   d - Summon Horrible Things         Summoning                    8
Comestibles
 d - 4 bread rations
 i - 4 meat rations
 l - 11 fruits


   Skills:
 + Level 4.7 Fighting
 * Level 2.7(3.1) Short Blades
 - Level 2.1(2.8) Long Blades
 + Level 2.1 Throwing
 + Level 4.8 Armour
 + Level 2.6 Dodging
 * Level 5.1 Stealth
 + Level 4.4 Shields


You had 6 spell levels left.
You knew the following spells:

 Your Spells              Type           Power        Failure   Level  Hunger
a - Infusion              Chrm           #.....       100%        1    ##.....


Dungeon Overview and Level Annotations

Branches:
Dungeon (6/15)             Temple (0/1) D:5

Altars:
Dithmenos
Fedhas
Gozag


Innate Abilities, Weirdness & Mutations

You are resistant to torment.
You are immune to poison.
Your stone body is very resilient (AC +5).
You resist negative energy.
You are resistant to electric shocks.
You can survive without breathing.
You are immune to petrification.
You are immune to rotting.
Scrolls take you a little longer to read.
You possess an exceptional clarity of mind.
You are clumsy. (Dex -2)
Potions and wands are less effective at restoring your health.
You expend magic power (3 MP) to slightly strengthen your wands.


Message History

Found a stone staircase leading up.
Found 24 arrows.
A crimson imp comes into view.
The crimson imp moves out of view.
Found a beef jerky.
You hit the jelly.
The jelly is almost dead.
You block the jelly's attack. The jelly hits you but does no damage.
You hit the jelly but do no damage. The acid corrodes your equipment!
The jelly is almost dead.
You block the jelly's attack.
Read which item? (? for menu, Esc to quit)
Okay, then.
Drink which item? (? for menu, Esc to quit)
The ambrosia would have no effect on you.
The crimson imp blinks!
You block the jelly's attack. The goliath beetle bites you!
You die...

##......##
##........##
#=.......!.#
#..........#
#..........#
#....<.....#
#..........#
#######........##
#....[.@........#
...####.B........#
###.5J..?.....#
.##.............#
...........?..!..#
................##
...............##
.......§#.......
..(....#.#.##..


You could see a goliath beetle, a jelly and a crimson imp.

Vanquished Creatures
  Grinder (D:5)
  Eustachio (D:4)
  An ogre (D:4)
  2 crimson imps
  2 orc priests
  2 iguanas
  2 orc wizards
  A worker ant (D:4)
  Jessica (D:2)
  A hound skeleton (D:4)
  Robin (D:2)
  3 gnolls (D:5)
  4 adders
  A giant mite (D:3)
  A worm (D:2)
  An adder skeleton (D:4)
  5 giant geckos
  11 orcs
  11 bats
  A bat skeleton (D:5)
  3 giant cockroaches
  9 hobgoblins
  A quokka (D:3)
  A ball python (D:1)
  3 giant newts
  20 goblins
  7 jackals
  12 kobolds
  9 rats
118 creatures vanquished.

Notes
Turn   | Place    | Note
--------------------------------------------------------------
     0 | D:1      | Jb9000, the Gargoyle Fighter, began the quest for the Orb.
     0 | D:1      | Reached XP level 1. HP: 14/14 MP: 1/1
   251 | D:1      | Reached XP level 2. HP: 17/19 MP: 2/2
   632 | D:1      | Reached skill level 1 in Stealth
   739 | D:2      | Noticed Jessica
   757 | D:2      | Reached XP level 3. HP: 14/24 MP: 3/3
   767 | D:2      | Killed Jessica
   782 | D:2      | Noticed Robin
   954 | D:1      | Reached XP level 4. HP: 24/29 MP: 4/4
  1018 | D:2      | Killed Robin
  1281 | D:2      | Found an opulent altar of Gozag.
  1400 | D:2      | Reached skill level 4 in Fighting
  1506 | D:2      | Reached XP level 5. HP: 29/33 MP: 5/5
  1558 | D:2      | Found a blossoming altar of Fedhas.
  1881 | D:3      | Reached skill level 1 in Dodging
  1882 | D:3      | Reached skill level 1 in Short Blades
  2259 | D:3      | Learned a level 1 spell: Infusion
  2546 | D:3      | Found a shadowy altar of Dithmenos.
  2645 | D:3      | Became a worshipper of Dithmenos the Shadowed
  3023 | D:4      | Reached XP level 6. HP: 36/38 MP: 6/6
  3121 | D:4      | Reached skill level 1 in Throwing
  3437 | D:4      | Noticed an ogre
  3440 | D:4      | Noticed Eustachio
  3447 | D:4      | Gained mutation: Scrolls take you a little longer to read. [potion of mutation]
  3447 | D:4      | Gained mutation: Potions and wands are less effective at restoring your health. [potion of mutation]
  3447 | D:4      | Gained mutation: You are clumsy. (Dex -2) [potion of mutation]
  3451 | D:4      | Killed an ogre
  3465 | D:4      | Killed Eustachio
  3465 | D:4      | Reached XP level 7. HP: 19/44 MP: 7/7
  3494 | D:4      | Gained mutation: You expend magic power (3 MP) to slightly strengthen your wands. [potion of mutation]
  3494 | D:4      | Gained mutation: You possess an exceptional clarity of mind. [potion of mutation]
  3988 | D:5      | Entered Level 5 of the Dungeon
  4122 | D:5      | Found a staircase to the Ecumenical Temple.
  4124 | D:5      | Noticed Grinder
  4131 | D:5      | Paralysed by Grinder for 7 turns
  4199 | D:5      | Paralysed by Grinder for 6 turns
  4210 | D:5      | Killed Grinder
  4210 | D:5      | Reached skill level 5 in Stealth
  4460 | D:5      | Reached XP level 8. HP: 41/48 MP: 8/8
  4614 | D:6      | Slain by a goliath beetle

Action                   |  1- 3 |  4- 6 |  7- 9 || total
-------------------------+-------+-------+-------++-------
Melee: Long sword        |   134 |    11 |       ||   145
       Dagger            |       |   208 |    92 ||   300
       Short sword       |       |       |    27 ||    27
Throw: Tomahawk          |       |    22 |    21 ||    43
 Abil: Evoke Berserk Rag |       |       |     1 ||     1
  Use: Scroll            |     1 |     8 |     2 ||    11
       Potion            |       |     6 |     6 ||    12
  Eat: Chunk             |       |     5 |     3 ||     8
       Fruit             |       |     3 |     6 ||     9
       Royal jelly       |       |     1 |       ||     1
